 Dungeon Crawl Stone Soup version 0.32-a0-391-gce5c0aab1b (webtiles) character file.

Game seed: 638877184832161714

27204 seren the Geomancer (level 13, 0/74 HPs)
             Began as a Gargoyle Earth Elementalist on Feb 17, 2024.
             Was an Elder of Vehumet.
             Slain by an orc warrior
             ... wielding a +0 glaive
              (10 damage)
             ... while paralysed by an orc sorcerer
             ... on level 2 of the Orcish Mines on Feb 19, 2024.
             The game lasted 01:29:51 (20950 turns).

seren the Geomancer (Gargoyle Earth Elementalist)  Turns: 20950, Time: 01:29:52

Health: 0/74       AC: 17    Str: 13    XL:     13   Next: 30%
Magic:  25/25      EV:  2    Int: 23    God:    Vehumet [****..]
Gold:   1167       SH:  0    Dex: 10    Spells: 8/28 levels left

rFire   . . .        a - staff of conjuration
rCold   + . .        s - +0 buckler
rNeg    + . .        U - +2 robe {rC+}
rPois   ∞            K - +2 hat {Int+3}
rElec   +            (no cloak)
rCorr   .            O - +0 pair of gloves
SInv    +            (no boots)
Will    .....        (no amulet)
Stlth   +++          c - +5 ring of evasion
HPRegen 0.32/turn    T - ring of see invisible
MPRegen 0.19/turn

%: no passive effects
@: paralysed
A: sickness immunity, AC +9, negative energy resistance 1, electricity
resistance, torment resistance 1, petrification resistance
a: Renounce Religion


You were on level 2 of the Orcish Mines.
You worshipped Vehumet.
Vehumet was greatly pleased with you.
You visited 4 branches of the dungeon, and saw 17 of its levels.
You also visited: Bailey.

You collected 1167 gold pieces.

Inventory:

Hand Weapons
 b - a +0 demon whip of venom
 t - a +2 whip of freezing
Missiles
 r - 5 curare-tipped darts
 y - 45 poisoned darts
 B - a throwing net
 M - 5 javelins
Armour
 s - a +0 buckler (worn)
 I - +0 acid dragon scales
 K - a +2 hat of intelligence (worn)
 O - a +0 pair of gloves (worn)
 U - a +2 robe of cold resistance (worn)
Magical Staves
 a - a staff of conjuration (weapon)
 W - a staff of cold
Jewellery
 c - a +5 ring of evasion (left hand)
 k - a ring of ice
 x - the ring of Kiazots {Fly rElec Will+ Int-2}
   (You found it on level 4 of the Dungeon)

   [ring of flight]

   Int-2:     It affects your intelligence (-2).
   rElec:     It insulates you from electricity.
   Will+:     It increases your willpower.
   Fly:       It grants you flight.
 F - a ring of willpower
 T - a ring of see invisible (right hand)
 Z - a +4 ring of protection
Wands
 i - a wand of flame (21)
 j - a wand of iceblast (20)
 o - a wand of polymorph (11)
 A - a wand of charming (14)
 H - a wand of digging (5)
 P - a wand of mindburst (1)
Scrolls
 e - a scroll of teleportation {!r}
 f - a scroll of blinking {!r}
 g - 2 scrolls of vulnerability
 l - 2 scrolls of amnesia
 m - 2 scrolls of enchant weapon
 q - 2 scrolls of poison
 u - 3 scrolls of enchant armour
 z - 2 scrolls of butterflies
 L - a scroll of silence
 N - 2 scrolls of immolation
 R - a scroll of fog
 V - a scroll of brand weapon {unknown}
Potions
 d - 2 potions of enlightenment
 h - 4 potions of haste
 n - 3 potions of lignification
 p - 3 potions of mutation {!q}
 v - 9 potions of curing
 w - 4 potions of might
 C - a potion of magic
 D - 3 potions of attraction
 E - 3 potions of heal wounds
 G - 2 potions of brilliance
 J - 2 potions of berserk rage
 Y - a potion of invisibility


   Skills:
 + Level 5.9 Fighting
 + Level 5.7 Staves
 + Level 5.1 Armour
 + Level 7.1 Dodging
 - Level 6.0 Stealth
 * Level 4.3 Shields
 + Level 8.3 Spellcasting
 + Level 9.8 Conjurations
 - Level 3.0 Necromancy
 + Level 11.6 Earth Magic
 - Level 2.0 Alchemy
 + Level 6.1 Evocations


You had 8 spell levels left.
You knew the following spells:

 Your Spells              Type           Power      Damage    Failure   Level
a - Sandblast             Erth           100%       2d20      1%          1
b - Passwall              Erth           58%        N/A       1%          3
c - Stone Arrow           Conj/Erth      100%       3d13      1%          3
d - Brom's Barrelling Bo  Conj/Erth      73%        2d9       1%          4
e - Borgnjor's Vile Clut  Necr/Erth      21%        N/A       12%         5
p - Petrify               Alch/Erth      40%        N/A       5%          4

Your spell library contained the following spells:

 Spells                   Type           Power      Damage    Failure   Level
 Dazzling Flash           Conj/Hex       96%        N/A       1%          3
 Kiss of Death            Conj/Necr      100%       2d13      1%          1
 Shock                    Conj/Air       100%       1d9       1%          1
 Static Discharge         Conj/Air       96%        3-7/arc   1%          2
 Mephitic Cloud           Conj/Alch/Air  41%        N/A       1%          3
 Freeze                   Ice            36%        1d5       2%          1
 Mercury Vapours          Alch/Air       28%        N/A       2%          2
 Fugue of the Fallen      Necr           23%        N/A       8%          3
 Slow                     Hex            36%        N/A       9%          1
 Summon Small Mammal      Summ           36%        N/A       9%          1
 Freezing Cloud           Conj/Ice/Air   18%        6-21      17%         5
 Airstrike                Air            4%         2d(1-17)  22%         4
 Call Canine Familiar     Summ           9%         N/A       26%         3
 Confusing Touch          Hex            9%         N/A       26%         3
 Ozocubu's Armour         Ice            9%         N/A       26%         3
 Sigil of Binding         Hex            9%         N/A       26%         3
 Tukima's Dance           Hex            9%         N/A       26%         3
 Animate Dead             Necr           23%        N/A       26%         4
 Dispel Undead            Necr           23%        3d12      26%         4
 Yara's Violent Unravell  Hex/Alch       7%         3d5       38%         5
 Dimensional Bullseye     Hex/Tloc       4%         N/A       65%         4
 Manifold Assault         Tloc           9%         N/A       65%         4
 Passage of Golubria      Tloc           9%         N/A       65%         4
 Summon Blazeheart Golem  Fire/Summ      9%         N/A       65%         4
 Summon Lightning Spire   Summ/Air       9%         N/A       65%         4
 Death Channel            Necr           11%        N/A       99%         6
 Haunt                    Necr/Summ      8%         N/A       100%        7
 Infestation              Necr           11%        N/A       100%        8


Dungeon Overview and Level Annotations

Branches:
Dungeon (11/15)            Temple (1/1) D:6            Lair (3/5) D:11
  Swamp (0/4) Lair:2          Orc (2/2) D:10            Elf (0/3) Orc:2
 Bailey (visited)
  Snake: Lair:2-3    Spider: Lair:2-3

Altars:
Ashenzari
Cheibriados
Dithmenos
Elyvilon
Fedhas
Gozag
Hepliaklqana
Kikubaaqudgha
Makhleb
Nemelex Xobeh
Okawaru
Qazlal
Ru
Sif Muna
Trog
Uskayaw
Vehumet
Wu Jian
Xom
Yredelemnul
The Shining One

Shops:
Orc:1 ?   Orc:2 =*[(

Annotations:
D:7 Maurice
D:9 Erica
D:10 finish vault, ogre mage, exclusion: door
Lair:2 exclusion: downstairs
Lair:3 Nessos, Rupert


Innate Abilities, Weirdness & Mutations

You are immune to sickness and miasma.
Your stone body is resilient. (AC +9)
You are immune to poison.
You resist negative energy. (rN+)
You are resistant to electric shocks. (rElec)
You are resistant to unholy torment.
You are immune to petrification.


Message History

The orc warrior shouts!
You hear a shout!
The orc shouts!
The orc wizard shouts!
You hear a shout! x4
The orc knight unwields a +0 arbalest.
The orc knight wields a +0 bardiche.
The orc knight hits you but does no damage.
The orc shouts!
The orc warrior shouts!
You hear a shout!
Found 18 gold pieces.
Found a stone staircase leading up.
There is a stone staircase leading up here.
The orc high priest shouts!
The orc shouts!
The orc warrior shouts!
You hear a shout! x4
You block the orc high priest's attack. The orc barely misses you.
The orc warrior barely misses you. The orc sorcerer casts a spell at you.
You suddenly lose the ability to move!
You stop ascending the stairs.
The orc knight hits you with a +0 bardiche!
An orc priest comes into view.
It is wielding a +1 short sword of electrocution.
The orc high priest barely misses you.
The orc priest begins to cast a cantrip, but forgets the words!
The orc warrior hits you with a +0 glaive!
An orc warrior comes into view. It is wielding a +0 short sword.
The orc wizard hits you but does no damage.
The orc knight roars a battlecry!
The orcs go into a battle-frenzy!
The orc shouts!
You hear a shout! x2
The orc high priest prays to Beogh.
The orc priest miscasts a cantrip.
An orc comes into view. It is wielding a +0 short sword.
The orc sorcerer hits you but does no damage.
The orc hits you with a +0 flail.
* * * LOW HITPOINT WARNING * * *
The orc wizard hits you with a +0 dagger.
* * * LOW HITPOINT WARNING * * *
The orc knight hits you with a +0 bardiche!!
* * * LOW HITPOINT WARNING * * *
The orc high priest hits you with a +0 dire flail!
* * * LOW HITPOINT WARNING * * *
The orc priest invokes the aid of Beogh against you.
Beogh smites you!
* * * LOW HITPOINT WARNING * * *
The orc warrior hits you with a +0 glaive!
You die...

*,,,,,***,,,,,,,,,***,,,,,**,>,,
#*,,,,,* #.........* *,,,,,**,,,,
#******* #...o..oo,* ********,,,,
# #........,* **,,, # *....o.oo,*
*,,,,
########*###..o.o#######*****,,,,
........,....4.oo.......,,,,,,,,,
.......#,,,#...ooo......,,,,,,,,,
........*,*#...o@o.o....,,,,,,,,,
##.....##*#....oo.......,,,,,,,,,
.....##.#...............,,,,*^,,,
.........$.....#o.......,,,,,,,,,
......#.#........$.....#*,⌠,**,,,
.#.....#...###....#....#ß,,,ß*,,,
..........#*,.,.......o.,,,,,,,,,
...........,,..........⌠,,_,,⌠,,,
#..........,,,,,,,,,,,,,,,,,,,,,*


You could see an orc knight, an orc high priest (strong), an orc sorcerer
(strong), a chaos spawn (summoned), 6 orc warriors, 3 orc priests, 3 orc wizards
and 5 orcs.

Vanquished Creatures
  Gastronok (D:9)
  Fannar (D:11)
  6 two-headed ogres
  Nergalle (Lair:3)
  Amaemon (D:11)
  Pikel (D:4)
  An elephant (D:11)
  A smoke demon (D:10)
  A black mamba (Lair:1)
  3 cane toads (Lair:1)
  An orange demon (D:11)
  A kobold demonologist (D:10)
  3 unseen horrors (D:11)
  3 komodo dragons
  2 trolls (D:10)
  A hornet (D:10)
  A wind drake (D:11)
  4 dream sheep
  5 blink frogs
  A shadow (D:10)
  3 vampires
  6 basilisks
  24 yaks
  3 wraiths
  5 wyverns
  A steam dragon (D:8)
  A warg (Orc:1)
  Duvessa (D:4)
  2 acid dragons (D:10)
  6 water moccasins
  A black bear (D:3)
  20 orc warriors
  A sky beast (D:6)
  5 wolves
  3 centaurs
  4 ogres
  5 phantoms
  A lemure (D:3)
  9 kobold brigands
  4 gnoll sergeants
  7 bullfrogs
  A scorpion (D:5)
  2 wights
  Dowan (D:5)
  10 killer bees
  7 howler monkeys
  2 bombardier beetles
  A jelly (D:5)
  6 orc priests
  3 iguanas
  2 sleepcaps
  12 orc wizards
  9 gnolls
  11 adders
  2 shadow imps
  2 white imps
  An ufetubus (D:7)
  3 dart slugs (D:3)
  45 orcs
  2 endoplasms (D:1)
  14 giant cockroaches
  12 hobgoblins
  6 jackals (D:1)
  28 kobolds
  3 quokkas
  3 ball pythons
  10 bats
  4 frilled lizards
  12 goblins
  5 rats
370 creatures vanquished.

Vanquished Creatures (collateral kills)
  A killer bee (D:7)
  A kobold (D:7)
  17 boulders
19 creatures vanquished.

Vanquished Creatures (others)
  A kobold brigand (D:7)
  A killer bee (D:7)
  16 boulders
18 creatures vanquished.

Grand Total: 407 creatures vanquished

Notes
Turn   | Place    | Note
-------+----------+-------------------------------------------
     0 | D:1      | seren the Gargoyle Earth Elementalist began the quest for
                  | the Orb.
     0 | D:1      | Reached XP level 1. HP: 10/10 MP: 3/3
   150 | D:1      | Reached XP level 2. HP: 13/15 MP: 0/5
   283 | D:1      | Found a faded altar of an unknown god.
   382 | D:1      | Reached XP level 3. HP: 19/19 MP: 2/6
   681 | D:2      | Reached skill level 4 in Earth Magic
  1029 | D:2      | Reached XP level 4. HP: 24/24 MP: 3/7
  1762 | D:3      | Reached XP level 5. HP: 25/28 MP: 4/8
  1943 | D:3      | Noticed a black bear
  1947 | D:3      | Found a basalt altar of Yredelemnul.
  2291 | D:3      | Found a hide-covered altar of Uskayaw.
  2296 | D:3      | Found a bloodstained altar of Trog.
  2392 | D:3      | Killed a black bear
  2393 | D:3      | Reached XP level 6. HP: 13/32 MP: 5/10
  2541 | D:4      | Identified the ring of Kiazots {Fly rElec Will+ Int-2}
  2956 | D:4      | Reached skill level 5 in Earth Magic
  3046 | D:4      | Noticed Duvessa
  3656 | D:4      | Noticed Dowan
  3656 | D:4      | Noticed Pikel
  3743 | D:5      | Entered Level 5 of the Dungeon
  3829 | D:5      | Reached XP level 7. HP: 36/37 MP: 7/12
  3905 | D:5      | Reached skill level 1 in Fighting
  4152 | D:5      | Reached skill level 1 in Evocations
  4225 | D:5      | Found a shimmering altar of Xom.
  4484 | D:5      | Learned a level 3 spell: Passwall
  4488 | D:5      | Learned a level 3 spell: Stone Arrow
  4860 | D:6      | Reached skill level 6 in Earth Magic
  4860 | D:6      | Reached XP level 8. HP: 36/44 MP: 4/13
  4930 | D:6      | Found a glowing golden altar of the Shining One.
  5390 | D:6      | Reached skill level 5 in Stealth
  5392 | D:6      | Found a staircase to the Ecumenical Temple.
  5405 | Temple   | Entered the Ecumenical Temple
  5610 | D:6      | Found an ornate altar of the Wu Jian Council.
  5615 | D:6      | Noticed a spectral centipede
  5615 | D:6      | Noticed a spectral black mamba
  6011 | D:7      | Reached skill level 5 in Conjurations
  6104 | D:7      | Found a flagged portal.
  6113 | Bailey   | Entered a bailey
  6149 | Bailey   | Reached skill level 1 in Staves
  6348 | Bailey   | Reached XP level 9. HP: 49/49 MP: 2/16
  6381 | Bailey   | Reached skill level 7 in Earth Magic
  6695 | Bailey   | Reached skill level 5 in Spellcasting
  7160 | Bailey   | Noticed an orc warlord
  7449 | D:7      | Learned a level 4 spell: Brom's Barrelling Boulder
  7706 | D:6      | Reached skill level 1 in Armour
  8004 | D:7      | Noticed Maurice
  8098 | D:8      | Found a radiant altar of Vehumet.
  8105 | D:8      | Became a worshipper of Vehumet
  8831 | D:8      | Reached skill level 8 in Earth Magic
  8831 | D:8      | Reached XP level 10. HP: 56/56 MP: 14/18
  9316 | D:9      | Noticed a two-headed ogre
  9354 | D:8      | Learned a level 5 spell: Borgnjor's Vile Clutch
  9501 | D:9      | Reached * piety under Vehumet
  9501 | D:9      | Offered knowledge of Freeze by Vehumet.
  9637 | D:9      | Noticed Erica
 10185 | D:9      | Found a white marble altar of Elyvilon.
 10472 | D:9      | Noticed Gastronok
 10544 | D:9      | Killed Gastronok
 10545 | D:9      | Reached skill level 5 in Dodging
 10545 | D:9      | Reached skill level 9 in Earth Magic
 10545 | D:9      | Reached skill level 5 in Evocations
 10936 | D:9      | Killed a two-headed ogre
 11201 | D:10     | Entered Level 10 of the Dungeon
 11310 | D:10     | Reached XP level 11. HP: 55/60 MP: 14/20
 11376 | D:10     | Found a shimmering blue altar of Sif Muna.
 11387 | D:10     | Got Sif Muna's Quarto of Execration
 11389 | D:10     | Got Sif Muna's Discourse on Cold
 11391 | D:10     | Got Sif Muna's Compendium of the Atmosphere
 11828 | D:10     | Noticed a two-headed ogre
 11846 | D:10     | Killed a two-headed ogre
 12136 | D:10     | Reached skill level 1 in Necromancy
 12282 | D:10     | Found a staircase to the Orcish Mines.
 12317 | D:10     | Reached ** piety under Vehumet
 12324 | D:10     | Offered knowledge of Scorch by Vehumet.
 12451 | D:9      | Upgraded the game from 0.32-a0-350-g4f4d228785 to
                  | 0.32-a0-360-gcd93b57ba1
 12960 | D:10     | Found a burning altar of Makhleb.
 13363 | D:10     | Noticed a two-headed ogre
 13366 | D:10     | Killed a two-headed ogre
 13367 | D:10     | Reached skill level 10 in Earth Magic
 13715 | D:10     | Noticed a two-headed ogre
 13774 | D:10     | Killed a two-headed ogre
 14080 | D:10     | Noticed a two-headed ogre
 14087 | D:10     | Killed a two-headed ogre
 14187 | D:10     | Reached XP level 12. HP: 67/67 MP: 15/22
 14229 | D:10     | Learned a level 4 spell: Petrify
 14460 | D:10     | Identified the +1 flail "Goce" {elec, rElec}
 14460 | D:10     | Noticed an ogre mage
 14654 | D:11     | Noticed Fannar
 14657 | D:11     | Killed Fannar
 14658 | D:11     | Reached skill level 5 in Fighting
 14717 | D:11     | Noticed Amaemon
 14734 | D:11     | Reached skill level 5 in Staves
 14776 | D:11     | Offered knowledge of Searing Ray by Vehumet.
 14802 | D:11     | Reached skill level 1 in Alchemy
 15066 | D:11     | Killed Amaemon
 15224 | D:11     | Noticed a boulder beetle
 15243 | D:11     | HP: 1/68 [boulder beetle (39)]
 15496 | D:11     | a boulder beetle changed into a wind drake
 15815 | D:11     | Reached *** piety under Vehumet
 15986 | D:11     | Found a staircase to the Lair.
 16268 | D:4      | Killed Duvessa
 16280 | D:5      | Killed Dowan
 16448 | D:4      | Killed Pikel
 16735 | D:7      | Reached skill level 11 in Earth Magic
 17156 | Lair:1   | Entered Level 1 of the Lair of Beasts
 18143 | Lair:1   | Upgraded the game from 0.32-a0-360-gcd93b57ba1 to
                  | 0.32-a0-391-gce5c0aab1b
 18276 | Lair:1   | Reached skill level 1 in Shields
 18592 | Lair:2   | Found a staircase to the Swamp.
 18621 | Lair:2   | Offered knowledge of Dazzling Flash by Vehumet.
 18627 | Lair:2   | Found a dark tunnel.
 18987 | Lair:2   | Reached XP level 13. HP: 51/73 MP: 19/25
 19494 | Lair:3   | Noticed Nessos
 19909 | Lair:3   | Noticed Nergalle
 19962 | Lair:3   | Killed Nergalle
 20073 | Lair:3   | Identified the maw talisman "Pisacor" {Dex+3}
 20073 | Lair:3   | Noticed Rupert
 20549 | Orc:1    | Entered Level 1 of the Orcish Mines
 20549 | Orc:1    | Found Eghiom's Magic Scroll Shop.
 20565 | D:10     | Reached skill level 5 in Armour
 20800 | Orc:1    | Reached **** piety under Vehumet
 20824 | Orc:1    | You fall into a shaft and drop 1 floor!
 20824 | Orc:2    | Entered Level 2 of the Orcish Mines
 20824 | Orc:2    | Noticed an orc warlord
 20824 | Orc:2    | Found Modicar's Antique Armour Shoppe.
 20824 | Orc:2    | Found Aghiosch's Antique Weapon Shoppe.
 20825 | Orc:2    | Found Vuekux's General Store.
 20825 | Orc:2    | Found Odutev's Jewellery Emporium.
 20947 | Orc:2    | Paralysed by an orc sorcerer for 5 turns
 20950 | Orc:2    | Slain by an orc warrior

Illustrated notes

Levels and vault maps discovered:
D:1:      moated_graveyard_arrival, layout_rooms,
          hellmonk_ecumenical_altar_dog_temple, minmay_misc_feat_alley
D:2:      minmay_roachtagon, layout_loops_ring
D:3:      layout_rooms, mainiacjoe_overflow_boulevard, minitemple,
          skrybe_limestone_x, dk_vineyard_3
D:4:      layout_basic, uniq_duvessa, uniq_pikel
D:5:      layout_gridville, mainiacjoe_overflow_alcove_4
D:6:      layout_basic, pdpol_wu_jian_five_deadly_venoms, tso_altar,
          minmay_temple_entry_large_hall, minmay_misc_feat_nine_boxes
D:7:      layout_loops_corners, zin_angel, enter_bailey_2, minmay_between,
          uniq_maurice
D:8:      layout_basic, general_overflow_altar, serial_library_hellmonk_room_b,
          dk_rats_in_the_wall
D:9:      layout_loops_cross, elyvilon_altar_1, hangedman_decor_opposing,
          uniq_gastronok, uniq_erica
D:10:     minmay_the_grid_triangle_9x9_rhombus_full
          [minmay_the_grid_triangle_9x9_dagger,
          minmay_the_grid_triangle_9x9_thin_v,
          minmay_the_grid_triangle_9x9_zippers_vertical,
          minmay_the_grid_triangle_9x9_checkered,
          minmay_the_grid_triangle_9x9_stretched_checkered,
          minmay_the_grid_triangle_9x9_semitri,
          minmay_the_grid_triangle_9x9_wacky_v,
          minmay_the_grid_triangle_9x9_prize_top_heavy], layout_basic,
          nicolae_sif_muna_little_library, demons_altar,
          kennysheep_orc_monster_closet_entryway
D:11:     layout_rooms, david_lair_generic, hangedman_batty, uniq_amaemon,
          uniq_fannar
Temple:   minmay_temple_curvy_loop
Lair:1:   layout_cave_pods
Lair:2:   layout_regular_city, swamp_mist_pool, enter_volcano_1
Lair:3:   layout_chaotic_city, alex1729_snake_entry_snake, lemuel_fruit_fields,
          uniq_rupert, uniq_nergalle, uniq_nessos
Orc:1:    layout_caves, serial_shops, nicolae_shop_advertising_works
          [nicolae_subvault_shop_adworks]
Orc:2:    st_orc_congregation, layout_caves, gauntlet_entry_generic,
          nicolae_orc_beogh_chapel

Skill      XL: |  1  2  3  4  5  6  7  8  9 10 11 12 13 |
---------------+----------------------------------------+-----
Dodging        | 2 3 4 5 6 7 |  7.1
Earth Magic    | 4 5 6 8 9 10 11 | 11.6
Conjurations   | 2 3 4 5 6 7 8 9 |  9.8
Stealth        | 3 4 5 6 |  6.0
Spellcasting   | 3 4 5 6 7 8 |  8.3
Fighting       | 1 2 3 4 5 |  5.9
Evocations     | 1 2 3 5 6 |  6.1
Staves         | 1 3 4 5 |  5.7
Armour         | 1 3 4 5 |  5.1
Necromancy     | 2 3 |  3.0
Alchemy        | 2 |  2.0
Shields        | 2 4 |  4.3

Action                     |  1- 3 |  4- 6 |  7- 9 | 10-12 | 13-15 || total
---------------------------+-------+-------+-------+-------+-------++-------
  Melee: Unarmed           |     2 |       |       |       |       ||     2
         Dagger            |     2 |    15 |       |       |       ||    17
         Mace              |       |     1 |       |       |       ||     1
         Staff             |       |     2 |    33 |    43 |     1 ||    79
   Cast: Sandblast         |    38 |   100 |   148 |   129 |    69 ||   484
         Stone Arrow       |       |       |    44 |   182 |     4 ||   230
         Brom's Barrelling |       |       |     1 |    35 |    10 ||    46
         Borgnjor's Vile C |       |       |       |     7 |       ||     7
         Petrify           |       |       |       |     3 |       ||     3
  Evoke: Wand              |       |       |     3 |     8 |     5 ||    16
    Use: Scroll            |       |     8 |    12 |     7 |     7 ||    34
         Potion            |       |       |     2 |     1 |     1 ||     4
   Stab: Sleeping          |       |     2 |       |       |       ||     2
 Armour: Robe              |    13 |    29 |    78 |    79 |    70 ||   269
         Leather armour    |       |       |       |    69 |       ||    69
  Dodge: Dodged            |    32 |    82 |   176 |   242 |    73 ||   605
  Block: Buckler           |       |       |       |       |    14 ||    14

Table legend: (Time is in decaauts)
 A = Elapsed time spent in this place.
 B = Non-inter-level travel time spent in this place.
 C = Inter-level travel time spent in this place.
 D = Time resting spent in this place.
 E = Time spent auto-exploring this place.
 F = Levels seen in this place.
 G = Mean time per level.
                   A        B        C        D        E       F      G
               +--------+--------+--------+--------+--------+-----+--------+
         Total |  21235 |  20013 |   1222 |   5097 |   7619 |  18 | 1179.7 |
       Dungeon |  16471 |  15439 |   1032 |   3864 |   6074 |  11 | 1497.4 |
        Temple |     10 |     10 |      0 |      0 |      7 |   1 |   10.0 |
          Lair |   3364 |   3175 |    189 |    647 |   1492 |   3 | 1121.3 |
  Orcish Mines |    304 |    304 |      0 |     47 |     33 |   2 |  152.0 |
        Bailey |   1084 |   1084 |      0 |    539 |     13 |   1 | 1084.0 |
               +--------+--------+--------+--------+--------+-----+--------+

Top non-repeatable levels by time:
    D:10: 3491 daAuts
     D:9: 2056 daAuts
     D:7: 1624 daAuts
  Lair:2: 1618 daAuts
     D:8: 1498 daAuts
     D:6: 1401 daAuts
    D:11: 1383 daAuts
     D:4: 1255 daAuts
  Bailey: 1084 daAuts
     D:5: 1082 daAuts
  Lair:1: 1071 daAuts
     D:2: 1065 daAuts
     D:3: 927 daAuts
     D:1: 684 daAuts
  Lair:3: 674 daAuts
